 Dungeon Crawl Stone Soup version 0.26-a0-1049-g242049e08c (webtiles) character file.

Game seed: 12640231765916250055

23 Allrues12 the Caller (level 2, 0/11 HPs)
             Began as a Vampire Summoner on Dec 12, 2020.
             Slain by an adder (1 damage)
             ... on level 2 of the Dungeon.
             The game lasted 00:10:32 (1183 turns).

Allrues12 the Caller (Vampire Summoner)             Turns: 1183, Time: 00:10:32

Health: 0/11       AC:  3    Str:  7    XL:     2   Next: 75%
Magic:  5/5        EV: 13    Int: 17    God:
Gold:   115        SH:  0    Dex: 14    Spells: 4/5 levels left

rFire    . . .     SeeInvis +   f - +0 dagger
rCold    + + .     Faith    .   (no shield)
rNeg     + + +     Spirit   .   a - +0 robe
rPois    ∞         Reflect  .   (no helmet)
rElec    .         Harm     .   g - +0 cloak
rCorr    .         Rampage  .   (no gloves)
Will     .....                  (no boots)
Stlth    ++++......             (no amulet)
HPRegen  0.00/turn              (no ring)
MPRegen  0.09/turn              (no ring)

@: bloodless
A: fangs 3, see invisible, [frail 2], unbreathing
a: Revivify


You were on level 2 of the Dungeon.
You visited 1 branch of the dungeon, and saw 2 of its levels.

You collected 115 gold pieces.

Inventory:

Hand Weapons
 f - a +0 dagger (weapon)
 h - a +0 short sword
 i - a cursed +0 short sword
 k - a +0 hand axe
Armour
 a - a +0 robe (worn)
 e - a +0 robe
 g - a +0 cloak (worn)
Jewellery
 c - a +4 ring of evasion {unknown}
Scrolls
 j - a scroll of enchant weapon
Potions
 b - a potion of curing {unknown}
 d - a potion of mutation {unknown}


   Skills:
 * Level 0.1 Fighting
 * Level 0.1 Short Blades
 * Level 2.7 Dodging
 * Level 3.2 Stealth
 + Level 0.4 Unarmed Combat
 + Level 2.1 Spellcasting
 + Level 4.3 Summonings


You had 4 spell levels left.
You knew the following spells:

 Your Spells              Type           Power        Failure   Level
a - Summon Small Mammal   Summ           ###.         3%          1

Your spell library contained the following spells:

 Spells                   Type           Power        Failure   Level
 Call Imp                 Summ           ###.....     4%          2
 Call Canine Familiar     Summ           ###.....     10%         3
 Summon Guardian Golem    Hex/Summ       #.......     24%         3
 Summon Ice Beast         Ice/Summ       #.......     61%         4
 Summon Lightning Spire   Summ/Air       #.......     61%         4


Dungeon Overview and Level Annotations

Branches:
Dungeon (2/15)

Altars:


Innate Abilities, Weirdness & Mutations

You do not regenerate when monsters are visible.
You are frail without blood (-20% HP).
You can heal yourself when you bite living creatures.
You are immune to poison.
You have razor-sharp teeth.
You have supernaturally acute eyesight. (SInv)
You can survive without breathing.
[You are very frail. (-20% HP)]


Message History

The adder closely misses you.
A dart slug comes into view.
The adder closely misses you. The kobold hits you but does no damage.
You hit the worm but do no damage.
The worm is severely wounded.
A bat comes into view.
The adder bites you but does no damage. The worm barely misses you.
The kobold closely misses you.
The bat moves out of view.
You miss the adder. The adder closely misses you. The adder barely misses you.
You barely miss the adder. The adder bites you.
* * * LOW HITPOINT WARNING * * *
You hit the adder.
The adder is lightly wounded.
The adder bites you but does no damage.
You miss the adder.
The adder is lightly wounded.
The adder bites you.
* * * LOW HITPOINT WARNING * * *
The adder bites you.
You die...

#########.#
..........#
..........#
..........###### .#
.............. ## .$
#.......##.######.
#.###
#...............'.
...##@...........)..#.
#K#S.....♣.♣...#.####
#w##.......♣..#... #
#...#.#..♣..♣..####.#
..#.##.#....♣...# .
..####..)#........# #
## #..#........# # #
#..#######.####.##
...# .# #..#.


You could see an adder and a dart slug.

Vanquished Creatures
  A leopard gecko (D:2)
  A giant cockroach (D:1)
  3 hobgoblins
  3 bats (D:1)
  2 frilled lizards (D:1)
  3 goblins (D:1)
  2 kobolds
  8 rats
23 creatures vanquished.

Vanquished Creatures (collateral kills)
  A hobgoblin (D:1)
1 creature vanquished.

Grand Total: 24 creatures vanquished

Notes
Turn   | Place    | Note
-------+----------+-------------------------------------------
     0 | D:1      | Allrues12 the Vampire Summoner began the quest for the Orb.
     0 | D:1      | Reached XP level 1. HP: 13/13 MP: 3/3
   405 | D:1      | Reached XP level 2. HP: 16/19 MP: 5/5
  1183 | D:2      | Slain by an adder

Illustrated notes

Levels and vault maps discovered:
D:1:      nzn_arrival_settlement, layout_basic, interstate_on_off
D:2:      layout_basic, chequers_garden, grunt_ministairs_13,
          minmay_pentomino_pile

Action                   || total
-------------------------++-------
Melee: Unarmed           ||    30
       Dagger            ||    76
       Bite              ||     9
 Cast: Summon Small Mamm ||    11
 Abil: Exsanguinate      ||     3
       Revivify          ||     2
  Use: Scroll            ||     4
 Stab: Sleeping          ||     3
       Distracted        ||     1
Armor: Robe              ||    34
Dodge: Dodged            ||   125

Table legend: (Time is in decaauts)
 A = Elapsed time spent in this place.
 B = Non-inter-level travel time spent in this place.
 C = Inter-level travel time spent in this place.
 D = Time resting spent in this place.
 E = Time spent auto-exploring this place.
 F = Levels seen in this place.
 G = Mean time per level.
                   A        B        C        D        E       F      G
               +--------+--------+--------+--------+--------+-----+--------+
         Total |   1182 |   1118 |     64 |      0 |    221 |   2 |  591.0 |
       Dungeon |   1182 |   1118 |     64 |      0 |    221 |   2 |  591.0 |
               +--------+--------+--------+--------+--------+-----+--------+

Top non-repeatable levels by time:
     D:1: 1017 daAuts
     D:2: 164 daAuts
